 Dungeon Crawl Stone Soup version 0.28.0-47-ge53b351184 (webtiles) character file.

Game seed: 15360871789299744384

674 pkoi the Conjurer (level 7, -6/50 HPs)
             Began as a Demigod Hedge Wizard on May 8, 2022.
             Mangled by an ogre
             ... wielding a +0 giant club
              (18 damage)
             ... on level 4 of the Dungeon.
             The game lasted 00:05:24 (3977 turns).

pkoi the Conjurer (Demigod Hedge Wizard)            Turns: 3977, Time: 00:05:24

Health: -6/50      AC:  6    Str: 11    XL:     7   Next: 11%
Magic:  13/16      EV: 16    Int: 24    God:
Gold:   97         SH:  0    Dex: 13    Spells: 3/14 levels left

rFire   . . .      SeeInvis .   h - staff of conjuration
rCold   . . .      Faith    .   (no shield)
rNeg    . . .      Spirit   .   n - +0 robe {Will+}
rPois   .          Reflect  .   u - +0 helmet
rElec   .          Harm     .   (no cloak)
rCorr   .          Rampage  .   l - +2 pair of gloves
Will    +....                   (no boots)
Stlth   ++........              j - amulet of magic regeneration
HPRegen 0.16/turn               i - +4 ring of evasion
MPRegen 0.55/turn               (no ring)

@: no status effects
A: high MP 1, forlorn, divine attributes
a: no special abilities


You were on level 4 of the Dungeon.
You visited 1 branch of the dungeon, and saw 6 of its levels.

You collected 97 gold pieces.

Inventory:

Hand Weapons
 a - a +0 dagger
 e - a +1 dagger of electrocution
 m - a +1 dagger of venom
 s - a +3 eveningstar of electrocution
Armour
 b - a +0 robe
 c - a +0 hat
 l - a +2 pair of gloves (worn)
 n - a +0 robe of willpower (worn)
 u - a +0 helmet (worn)
Magical Staves
 h - a staff of conjuration (weapon)
Jewellery
 i - a +4 ring of evasion (left hand)
 j - an amulet of magic regeneration (around neck)
 t - an amulet of the acrobat
Wands
 r - a wand of polymorph (13)
Scrolls
 g - 4 scrolls of teleportation
 v - a scroll of vulnerability {unknown}
Potions
 d - 3 potions of degeneration {unknown}
 f - 4 potions of curing {unknown}
 k - 2 potions of mutation {unknown}
 o - a potion of magic {unknown}
 p - a potion of flight {unknown}
 q - a potion of ambrosia {unknown}


   Skills:
 - Level 1.7 Dodging
 - Level 1.7 Stealth
 + Level 4.3 Spellcasting
 * Level 5.3 Conjurations
 - Level 0.8 Summonings
 + Level 1.7 Translocations
 + Level 1.3 Fire Magic
 + Level 1.2 Air Magic
 + Level 1.1 Poison Magic


You had 3 spell levels left.
You knew the following spells:

 Your Spells              Type           Power      Damage    Failure   Level
a - Magic Dart            Conj           100%       1d8       1%          1
b - Searing Ray           Conj           92%        2d7       1%          2
c - Blink                 Tloc           26%        N/A       7%          2
d - Conjure Flame         Conj/Fire      31%        6-21      7%          3
e - Mephitic Cloud        Conj/Pois/Air  26%        N/A       10%         3

Your spell library contained the following spells:

 Spells                   Type           Power      Damage    Failure   Level
 Slow                     Hex            20%        N/A       10%         1
 Call Imp                 Summ           9%         N/A       10%         2
 Fulminant Prism          Conj/Hex       13%        3d9       30%         4


Dungeon Overview and Level Annotations

Branches:
Dungeon (6/15)
 Temple: D:4-7

Shops:
D:5 (


Innate Abilities, Weirdness & Mutations

You have an increased reservoir of magic. (+10% MP)
You shall have no god before yourself.
Your divine heritage dramatically boosts your attributes as you level up.


Message History

The searing ray hits the black bear!
The black bear is severely wounded.
The black bear barely misses you. x2; The black bear closely misses you.
The searing ray hits the black bear.
The black bear is almost dead.
The black bear goes berserk!
The searing ray hits the black bear!
You kill the black bear!
You finish channelling your searing ray.
Your Poison Magic skill increases to level 1!
You have reached level 7!
You start resting.
HP restored.
You start resting.
Magic restored.
There is an open door here.
You see here a black bear corpse.
There is a stone staircase leading up here.
You climb upwards.
The ogre hits you with a +0 giant club!!
* * * LOW HITPOINT WARNING * * *
There is a stone staircase leading down, spattered with blood here.
Unknown command.
Casting: Searing Ray (safe; 1% risk of failure)
Confirm with . or Enter, or press ? or * to list all spells.
Aiming: Searing Ray (safe; 1% risk of failure)
Press: ? - help, Shift-Dir - straight line, f - ogre
Aim: an ogre, wielding a +0 giant club (91% to hit)
You feel a surge of power!
The searing ray hits the ogre.
The ogre is moderately wounded. (Press . to maintain the ray.)
The ogre hits you with a +0 giant club!!
* * * LOW HITPOINT WARNING * * *
The searing ray hits the ogre!
The ogre is heavily wounded.
The ogre misses you.
Unknown command.
The searing ray hits the ogre!
The ogre is almost dead.
The ogre hits you with a +0 giant club!!
You die...

. ...
#######....
#..........
#..@.......
#.O........
#..........
#..........
#..........
###########


You could see an ogre.

Vanquished Creatures
  Grinder (D:3)
  Sigmund (D:3)
  A black bear (D:5)
  Jessica (D:2)
  2 orc wizards (D:3)
  Robin (D:3)
  3 gnolls (D:2)
  2 adders
  An ufetubus (D:5)
  3 dart slugs
  10 orcs
  3 ball pythons
  6 endoplasms
  A giant cockroach (D:3)
  12 hobgoblins
  5 quokkas (D:1)
  3 bats
  6 frilled lizards
  12 goblins
  5 kobolds
  5 rats
84 creatures vanquished.

Notes
Turn   | Place    | Note
-------+----------+-------------------------------------------
     0 | D:1      | pkoi the Demigod Hedge Wizard began the quest for the Orb.
     0 | D:1      | Reached XP level 1. HP: 14/14 MP: 6/6
    14 | D:1      | Reached skill level 1 in Conjurations
   786 | D:1      | Reached XP level 2. HP: 20/20 MP: 5/8
  1238 | D:1      | Reached skill level 2 in Conjurations
  1557 | D:1      | Learned a level 2 spell: Searing Ray
  1568 | D:1      | Reached XP level 3. HP: 26/26 MP: 3/10
  2074 | D:2      | Learned a level 2 spell: Blink
  2090 | D:2      | Noticed Jessica
  2095 | D:2      | Killed Jessica
  2426 | D:2      | Reached skill level 3 in Conjurations
  2428 | D:2      | Reached XP level 4. HP: 18/33 MP: 6/11
  3099 | D:3      | Noticed a balrug
  3103 | D:3      | Noticed a smoke demon
  3103 | D:3      | Noticed a ynoxinul
  3140 | D:3      | Noticed Sigmund
  3148 | D:3      | Killed Sigmund
  3149 | D:3      | Reached skill level 4 in Conjurations
  3149 | D:3      | Reached XP level 5. HP: 33/38 MP: 7/14
  3150 | D:3      | Reached XP level 6. HP: 40/45 MP: 6/15
  3312 | D:2      | Learned a level 3 spell: Conjure Flame
  3316 | D:2      | Learned a level 3 spell: Mephitic Cloud
  3444 | D:3      | Noticed Grinder
  3445 | D:3      | Noticed Robin
  3462 | D:3      | Reached skill level 1 in Translocations
  3463 | D:3      | Killed Robin
  3497 | D:3      | Killed Grinder
  3498 | D:3      | Reached skill level 5 in Conjurations
  3498 | D:3      | Reached skill level 1 in Fire Magic
  3498 | D:3      | Reached skill level 1 in Air Magic
  3866 | D:4      | You fall into a shaft and drop 2 floors!
  3874 | D:5      | Entered Level 5 of the Dungeon
  3916 | D:5      | Found Tirinkuy's Antique Weapon Boutique.
  3961 | D:5      | Reached skill level 1 in Poison Magic
  3961 | D:5      | Reached XP level 7. HP: 49/50 MP: 12/16
  3977 | D:4      | Mangled by an ogre

Illustrated notes

Levels and vault maps discovered:
D:1:      grunt_arrival_lava_bath, layout_basic, basic_ecumenical_altar,
          minmay_box_of_dots
D:2:      layout_loops_corners, uniq_jessica
D:3:      layout_rooms, makhleb_altar_promises_db, uniq_grinder, uniq_sigmund,
          uniq_robin
D:4:      layout_gridville, grunt_dithmenos_smoke_and_mirrors, uniq_edmund,
          uniq_ijyb
D:5:      layout_gridville, serial_shops, nicolae_square_shop
D:6:      layout_basic, uniq_maggie

Skill      XL: |  1  2  3  4  5  6 |
---------------+-------------------+-----
Conjurations   | 1 2 3 4 5 |  5.3
Spellcasting   | 3 4 |  4.3
Translocations | 1 |  1.7
Fire Magic     | 1 |  1.3
Air Magic      | 1 |  1.2
Poison Magic   | 1 |  1.1
Dodging        | |  1.7
Stealth        | |  1.7
Summonings     | |  0.8

Action                   |  1- 3 |  4- 6 |  7- 9 || total
-------------------------+-------+-------+-------++-------
Melee: Dagger            |    13 |       |       ||    13
       Staff             |       |     1 |       ||     1
 Cast: Magic Dart        |    90 |    62 |       ||   152
       Searing Ray       |     1 |     8 |     1 ||    10
  Use: Scroll            |     3 |     5 |       ||     8
Armor: Robe              |     2 |     5 |       ||     7
Dodge: Dodged            |    18 |    22 |     1 ||    41
